 Dungeon Crawl Stone Soup version 0.30-b1-2-g02819fbbbe (webtiles) character file.

Game seed: 751368677024978809

3203 Flugkiller the Cleaver (level 9, -4/81 HPs)
             Began as a Minotaur Fighter on May 8, 2023.
             Was a Follower of Okawaru.
             Slain by a yak (9 damage)
             ... on level 8 of the Dungeon.
             The game lasted 00:04:36 (6481 turns).

Flugkiller the Cleaver (Minotaur Fighter)           Turns: 6481, Time: 00:04:37

Health: -4/81      AC: 15    Str: 22    XL:     9   Next: 65%
Magic:  8/8        EV:  7    Int:  5    God:    Okawaru [*.....]
Gold:   504        SH: 10    Dex: 13    Spells: 8/8 levels left

rFire   . . .        b - +2 broad axe (freeze)
rCold   + . .        a - +0 kite shield {reflect}
rNeg    . . .        o - +0 chain mail
rPois   .            (helmet restricted)
rElec   .            d - +2 cloak
rCorr   +            (no gloves)
SInv    .            p - +0 pair of boots
Will    .....        (no amulet) Stlth
                     k - ring of resist corrosion
HPRegen 0.33/turn    c - ring of protection from cold
MPRegen 0.11/turn

%: reflection
@: no status effects
A: horns 2, retaliatory headbutt
a: Renounce Religion, Heroism


You were on level 8 of the Dungeon.
You worshipped Okawaru.
Okawaru was aware of your devotion.
You visited 2 branches of the dungeon, and saw 9 of its levels.

You collected 923 gold pieces.
You spent 419 gold pieces at shops.

Inventory:

Hand Weapons
 b - a +2 broad axe of freezing (weapon)
   (You bought it in a shop on level 4 of the Dungeon)
Missiles
 m - a throwing net (quivered)
Armour
 a - a +0 kite shield of reflection (worn)
   (You bought it in a shop on level 4 of the Dungeon)
 d - a +2 cloak (worn)
   (You took it off Crazy Yiuf on level 3 of the Dungeon)
 o - a +0 chain mail (worn)
   (You found it on level 6 of the Dungeon)
 p - a +0 pair of boots (worn)
   (You found it on level 7 of the Dungeon)
 y - a +0 buckler
Jewellery
 c - a ring of protection from cold (right hand)
   (You found it on level 5 of the Dungeon)
 i - a ring of flight
   (You found it on level 5 of the Dungeon)
 k - a ring of resist corrosion (left hand)
   (You found it on level 1 of the Dungeon)
Wands
 u - a wand of roots (11)
   (You found it on level 6 of the Dungeon)
 w - a wand of acid (5)
   (You found it on level 6 of the Dungeon)
Scrolls
 e - a scroll of fog
 g - 2 scrolls of summoning
 j - a scroll of immolation
 l - 2 scrolls of magic mapping
 n - 2 scrolls of fear
 r - a scroll of identify
 t - a scroll of teleportation
 z - 2 scrolls of blinking
Potions
 f - 2 potions of invisibility
 h - a potion of haste
 q - 2 potions of curing
 s - a potion of flight
 v - a potion of brilliance
 A - a potion of mutation


   Skills:
 + Level 8.1 Fighting
 * Level 10.6 Axes
 + Level 8.2 Armour
 + Level 8.2 Shields


You had 8 spell levels left.
You didn't know any spells.
Your spell library was empty.

Dungeon Overview and Level Annotations

Branches:
Dungeon (8/15)             Temple (1/1) D:6
   Lair: D:8-11

Altars:
Fedhas
Hepliaklqana
Kikubaaqudgha
Makhleb
Nemelex Xobeh
Okawaru
Qazlal
Ru
Sif Muna
Uskayaw
Vehumet
Wu Jian
Yredelemnul
Zin

Shops:
D:3 *   D:4 *[!((

Annotations:
D:3 3 runed translucent doors, Nattefrost's ghost, amateur HOGl


Innate Abilities, Weirdness & Mutations

You have a pair of horns on your head.
You reflexively headbutt those who attack you in melee.


Message History

A water moccasin is nearby!
A water moccasin is nearby!
A water moccasin is nearby!
The water moccasin hisses angrily.
You hear a bellow! x3 2 yaks and a water moccasin come into view.
The yak bellows! x2; The water moccasin hisses angrily.
A yak comes into view. x2
A scorpion comes into view.
A nearby plant withers and dies.
The water moccasin bites you but does no damage.
A yak comes into view.
The yak bellows!
You hit the water moccasin.
The water moccasin seems to slow down.
You freeze the water moccasin.
The water moccasin is moderately wounded.
You hear an angry hiss.
The water moccasin bites you.
The scorpion stings the plant.
The plant begins to die.
A wyvern comes into view.
A yak comes into view.
A wight comes into view. It is wielding a +4 flail.
You closely miss the water moccasin.
The water moccasin is moderately wounded.
The water moccasin barely misses you.
The yak gores the plant.
The plant begins to die.
You barely miss the water moccasin.
The water moccasin is moderately wounded.
You slash the water moccasin! You freeze the water moccasin.
You block the water moccasin's attack.
The water moccasin bites you but does no damage.
The wyvern bites the plant!
The yak snorts and paws the ground.
An iguana comes into view.
The water moccasin bites you!
You are poisoned.
The water moccasin poisons you!
You barely miss the water moccasin.
The water moccasin is moderately wounded.
You miss the water moccasin.
You feel very sick. The water moccasin bites you.
The water moccasin bites you but does no damage.
You block the water moccasin's attack.
You slash the water moccasin!
The water moccasin seems to slow down.
You freeze the water moccasin.
Your headbutt misses the water moccasin.
The water moccasin is almost dead.
You hit the yak. You freeze the yak. You slash the water moccasin!
The water moccasin seems to slow down.
You freeze the water moccasin.
You feel sick. The yak gores you!
The water moccasin completely misses you.
The wyvern bites the plant!
You block the water moccasin's attack. You block the yak's attack.
A wight comes into view. It is wielding a +0 flail.
You slash the water moccasin! You freeze the water moccasin.
You kill the water moccasin!
Okawaru accepts your kill.
You closely miss the yak. You barely miss the yak.
You slash the water moccasin! You freeze the water moccasin.
You kill the water moccasin!
Okawaru accepts your kill.
You feel sick.
A nearby plant withers and dies. x2; The yak gores you!
The yak gores you but does no damage.
Your Fighting skill increases to level 8!
Your Armour skill increases to level 8!
Your Shields skill increases to level 8!
You hit the yak. You freeze the yak.
The yak is moderately wounded.
You hit the scorpion. You freeze the scorpion. You closely miss the yak.
You hit the yak. You freeze the yak.
You feel sick. You block the scorpion's attack.
The scorpion stings you but does no damage.
You block the yak's attack. The yak completely misses you.
The yak barely misses you. You furiously retaliate!
You headbutt the yak! You slash the yak! You freeze the yak.
The yak is almost dead.
You slash the scorpion! You freeze the scorpion.
You kill the scorpion!
Okawaru accepts your kill.
You barely miss the yak. You hit the yak but do no damage.
You feel sick.
The yak barely misses you. x2; You block the yak's attack.
There are monsters nearby!
You slash the yak! You freeze the yak.
You kill the yak!
Okawaru accepts your kill.
You closely miss the wight. You hit the yak but do no damage. You hit the yak.
You freeze the yak.
You feel sick. You block the wight's attack. The yak gores you!
* * * LOW HITPOINT WARNING * * *
The yak attacks as you move away! The yak gores you.
* * * LOW HITPOINT WARNING * * *
You feel sick.
You are no longer poisoned.
The yak gores you.
* * * LOW HITPOINT WARNING * * *
The wight attacks as you move away! The wight hits you with a +4 flail!
* * * LOW HITPOINT WARNING * * *
The yak attacks as you move away! The yak gores you.
* * * LOW HITPOINT WARNING * * *
The yak attacks as you move away! The yak gores you!
You die...

########## #
..####...#....##.#
.......<.........#
.....[....)...##
#.########))..#
#.....#@...#
##...lY#zY..#
.......YY####
......††##
#...z..## .......
♣.P.... .......
......#


You could see 3 yaks and a wight.

Vanquished Creatures
  A hornet (D:7)
  Sigmund (D:3)
  A wyvern (D:7)
  A yak (D:8)
  4 water moccasins
  A sky beast (D:5)
  A phantom (D:5)
  2 kobold brigands (D:7)
  A bullfrog (D:7)
  6 scorpions
  7 wights (D:7)
  6 jellies
  4 hounds
  4 orc priests
  Crazy Yiuf (D:3)
  A gnoll bouda (D:5)
  Terence (D:3)
  5 iguanas
  5 orc wizards
  8 adders
  10 gnolls
  A shadow imp (D:5)
  2 white imps
  3 worms
  A dart slug (D:1)
  21 orcs
  9 ball pythons
  2 endoplasms
  A giant cockroach (D:2)
  3 goblins
  6 hobgoblins
  4 jackals (D:2)
  5 quokkas
  5 bats
  2 frilled lizards (D:3)
  16 kobolds
  6 rats
158 creatures vanquished.

Vanquished Creatures (others)
  A fungus (D:3)
  8 plants (D:8)
9 creatures vanquished.

Grand Total: 167 creatures vanquished

Notes
Turn   | Place    | Note
-------+----------+-------------------------------------------
     0 | D:1      | Flugkiller the Minotaur Fighter began the quest for the
                  | Orb.
     0 | D:1      | Reached XP level 1. HP: 19/19 MP: 0/0
   107 | D:1      | Reached XP level 2. HP: 27/27 MP: 1/1
   194 | D:1      | Reached skill level 3 in Axes
   758 | D:2      | Reached XP level 3. HP: 28/33 MP: 2/2
  1195 | D:3      | Reached XP level 4. HP: 36/40 MP: 3/3
  1211 | D:3      | Found Deabel Baorph's General Store.
  1399 | D:3      | Reached skill level 4 in Axes
  1491 | D:3      | Found a runed translucent door.
  1492 | D:3      | Noticed Crazy Yiuf
  1521 | D:3      | Killed Crazy Yiuf
  1522 | D:3      | Reached XP level 5. HP: 47/47 MP: 4/4
  1567 | D:3      | Bought a scroll of blinking for 90 gold pieces
  1652 | D:3      | Noticed Sigmund
  1776 | D:3      | Killed Sigmund
  1777 | D:3      | Reached skill level 5 in Fighting
  1777 | D:3      | Reached skill level 5 in Axes
  1777 | D:3      | Reached skill level 5 in Armour
  1777 | D:3      | Reached skill level 5 in Shields
  1777 | D:3      | Reached XP level 6. HP: 56/56 MP: 5/5
  1899 | D:3      | Noticed Terence
  1907 | D:3      | Killed Terence
  1932 | D:3      | Found a runed translucent gate.
  1932 | D:3      | Found a runed translucent gate.
  1932 | D:3      | Found a runed translucent gate.
  2032 | D:3      | Noticed Nattefrost's ghost (amateur HOGl)
  2089 | D:4      | Found Ryri's Distillery.
  2104 | D:4      | Found Letik's Assorted Antiques.
  2118 | D:4      | Found Qiaschies's Armour Boutique.
  2146 | D:4      | Found an ancient bone altar of Kikubaaqudgha.
  2203 | D:4      | Found Pyunuowu's Antique Weapon Boutique.
  2272 | D:4      | Noticed a +0 spear
  2273 | D:4      | Noticed a +0 falchion
  2273 | D:4      | Noticed a +0 falchion
  2274 | D:4      | Noticed a +0 dagger
  2274 | D:4      | Noticed a +0 short sword
  2275 | D:4      | Noticed a +0 spear
  2276 | D:4      | Noticed a +0 short sword
  2276 | D:4      | Noticed a +0 dagger
  2279 | D:4      | Found a hide-covered altar of Uskayaw.
  2518 | D:4      | Reached skill level 6 in Axes
  2658 | D:4      | Reached XP level 7. HP: 61/61 MP: 6/6
  2696 | D:4      | Found Gipez's Weapon Shoppe.
  2938 | D:5      | Entered Level 5 of the Dungeon
  3242 | D:5      | Identified a scroll of acquirement
  3930 | D:5      | Reached skill level 7 in Axes
  4122 | D:5      | Reached XP level 8. HP: 69/70 MP: 7/7
  4279 | D:6      | Reached skill level 8 in Axes
  4400 | D:6      | Found a blossoming altar of Fedhas.
  4400 | D:6      | Found a sacrificial altar of Ru.
  4502 | D:6      | Found a staircase to the Ecumenical Temple.
  4510 | Temple   | Entered the Ecumenical Temple
  4851 | D:6      | Found an iron altar of Okawaru.
  4921 | D:6      | Became a worshipper of Warmaster Okawaru
  4967 | D:4      | Bought a glowing broad axe for 210 gold pieces
  4974 | D:5      | Acquired 502 gold pieces
  4992 | D:4      | Bought a +0 kite shield of reflection for 119 gold pieces
  5139 | D:7      | Reached skill level 9 in Axes
  5429 | D:7      | Reached * piety under Okawaru
  5430 | D:7      | Reached XP level 9. HP: 56/79 MP: 8/8
  5431 | D:7      | Identified the +0 leather armour of the Nine Cities {rElec
                  | Regen+ Stlth-}
  6163 | D:7      | Paralysed by a hornet for 2 turns
  6170 | D:7      | Paralysed by a hornet for 1 turns
  6172 | D:7      | Reached skill level 10 in Axes
  6481 | D:8      | Slain by a yak

Illustrated notes

Levels and vault maps discovered:
D:1:      lightli_arrival_lavapool, layout_basic, chequers_garden,
          nicolae_concentric_dashed_squares_wild, hangedman_decor_opposing
D:2:      layout_rooms, chequers_decorated_corner
D:3:      layout_rooms, gammafunk_ghost_icy, serial_shops, nicolae_square_shop,
          uniq_terence, uniq_sigmund, uniq_crazy_yiuf_cottage
D:4:      layout_basic, nicolae_uskayaw_en_pointe,
          mainiacjoe_overflow_concentric_impassable, serial_shops, shop, shop,
          shop, shop, nicolae_shop_pleasant_corner_grove, hex_medium,
          kennysheep_pointless_box
D:5:      layout_basic, minmay_pentangle
D:6:      layout_basic, lemuel_doored_altar, gammafunk_temple_overflow_statue,
          minmay_temple_entry_junction
D:7:      layout_basic
D:8:      lemuel_ratsnest, layout_rooms, minmay_lair_entry_grove,
          hangedman_decor_growths, dreamdust_princess_corridor
Temple:   nicolae_temple_ecumenical_triangle

Skill      XL: |  1  2  3  4  5  6  7  8  9 |
---------------+----------------------------+-----
Axes           | 3 4 5 6 7 9 10 | 10.6
Shields        | 4 5 6 7 8 |  8.2
Fighting       | 4 5 6 7 8 |  8.1
Armour         | 4 5 6 7 8 |  8.2

Action                     |  1- 3 |  4- 6 |  7- 9 || total
---------------------------+-------+-------+-------++-------
  Melee: War axe           |    77 |    75 |   100 ||   252
         Headbutt          |     8 |     8 |    21 ||    37
         Broad axe         |       |       |    95 ||    95
 Invoke: Heroism           |       |       |     1 ||     1
    Use: Potion            |       |     2 |     2 ||     4
         Scroll            |       |       |    21 ||    21
 Armour: Scale mail        |    30 |    26 |    26 ||    82
         Chain mail        |       |       |    79 ||    79
  Dodge: Dodged            |    42 |    42 |    73 ||   157
  Block: Buckler           |    18 |    20 |    22 ||    60
         Kite shield       |       |       |    60 ||    60
         Reflection        |       |       |     3 ||     3
